 Dungeon Crawl Stone Soup version 0.31-a0-1-g4198be8af4 (webtiles) character file.

Game seed: 17199777772976297573

53 sircluck the Vexing (level 3, -1/18 HPs)
             Began as a Spriggan Hexslinger on May 2, 2023.
             Slain by an iguana (7 damage)
             ... on level 3 of the Dungeon.
             The game lasted 00:02:14 (2321 turns).

sircluck the Vexing (Spriggan Hexslinger)           Turns: 2321, Time: 00:02:15

Health: -1/18      AC:  2    Str:  8    XL:     3   Next: 62%
Magic:  6/6        EV: 17    Int: 14    God:
Gold:   192        SH:  0    Dex: 15    Spells: 3/4 levels left

rFire   . . .        a - +1 sling
rCold   . . .        (no shield)
rNeg    . . .        c - +0 robe
rPois   .            (helmet restricted)
rElec   .            (no cloak)
rCorr   .            (gloves unavailable)
SInv    +            (boots unavailable)
Will    .....        (no amulet)
Stlth   +            (no ring)
HPRegen 0.23/turn    (no ring)
MPRegen 0.10/turn

%: no passive effects
@: very quick
A: very small, no large weapons, unfitting armour, see invisible, speed 3
a: no special abilities


You were on level 3 of the Dungeon.
You visited 1 branch of the dungeon, and saw 3 of its levels.

You collected 192 gold pieces.

Inventory:

Hand Weapons
 a - a +1 sling (weapon)
 o - a +0 whip of flaming
 s - a +2 dagger of venom
Missiles
 g - 26 stones
 h - 6 javelins
Armour
 c - a +0 robe (worn)
Scrolls
 b - 2 scrolls of poison
 e - 2 scrolls of identify {unknown}
 f - a scroll of vulnerability {unknown}
 i - a scroll of noise {unknown}
 j - a scroll of silence {unknown}
 k - 2 scrolls of brand weapon {unknown}
 l - a scroll of blinking {unknown}
 m - a scroll of summoning {unknown}
 p - a scroll of enchant weapon {unknown}
 r - a scroll of fear {unknown}
Potions
 d - 2 potions of brilliance {unknown}
 n - 2 potions of berserk rage {unknown}
 q - a potion of lignification {unknown}


   Skills:
 + Level 1.0 Fighting
 + Level 3.4 Ranged Weapons
 + Level 3.0 Dodging
 + Level 1.3 Spellcasting
 + Level 4.1 Hexes


You had 3 spell levels left.
You knew the following spells:

 Your Spells              Type           Power      Damage    Failure   Level
a - Slow                  Hex            48%        N/A       4%          1

Your spell library contained the following spells:

 Spells                   Type           Power      Damage    Failure   Level
 Inner Flame              Hex/Fire       6%         N/A       32%         3
 Portal Projectile        Hex/Tloc       12%        N/A       32%         3
 Cause Fear               Hex            6%         N/A       43%         4


Dungeon Overview and Level Annotations

Branches:
Dungeon (3/15)

Altars:
Xom


Innate Abilities, Weirdness & Mutations

You are very small and have problems with some larger weapons.
You are too small for most types of armour.
You have supernaturally acute eyesight. (SInv)
You cover ground extremely quickly. (Speed+++)


Message History

You see here a +0 sling.
Found a robe.
No target in view!
An orc comes into view. It is wielding a +0 short sword.
The orc shouts!
You shoot a sling bullet.
The sling bullet hits the orc but does no damage.
An iguana comes into view.
There are monsters nearby!
You shoot a sling bullet. The sling bullet barely misses the orc.
The iguana hisses angrily.
An orc is nearby!
You shoot a sling bullet.
The sling bullet hits the orc but does no damage.
There are monsters nearby!
You shoot a sling bullet. The sling bullet hits the orc.
The orc is moderately wounded.
There are monsters nearby!
You shoot a sling bullet. The sling bullet hits the orc.
You kill the orc!
An iguana is nearby!
An iguana is nearby!
You shoot a sling bullet.
The sling bullet hits the iguana but does no damage.
The iguana barely misses you.
An iguana is nearby!
You shoot a sling bullet.
The sling bullet hits the iguana but does no damage.
The iguana closely misses you.
An iguana is nearby!
You shoot a sling bullet. The sling bullet hits the iguana.
The iguana is lightly wounded.
The iguana closely misses you.
An iguana is nearby!
You shoot a sling bullet.
The sling bullet closely misses the iguana.
The iguana bites you!
Ouch! That really hurt!
The iguana bites you!
You die...

.#.#.#
#....##.........^.#.#
##.#.. ..###
##.##.........# #.###
###.......)..### ...
....#..###.#.# #.#
.###.#.#......#.# ...
..........#####.#
...#.###.<# #.#
#.###..#####.#
#..l@....[##.#
.......#.#.####.#
.#.../.....# #.#
.........###
########.# #.# ###


You could see an iguana.

Vanquished Creatures
  An adder (D:2)
  A worm (D:3)
  A dart slug (D:3)
  2 orcs
  4 bats
  6 endoplasms
  2 hobgoblins
  5 kobolds
  3 quokkas
  2 ball pythons
  A frilled lizard (D:2)
  5 goblins
  2 rats
35 creatures vanquished.

Notes
Turn   | Place    | Note
-------+----------+-------------------------------------------
     0 | D:1      | sircluck the Spriggan Hexslinger began the quest for the
                  | Orb.
     0 | D:1      | Reached XP level 1. HP: 9/9 MP: 3/3
   168 | D:1      | Reached skill level 1 in Fighting
   391 | D:1      | Reached XP level 2. HP: 14/14 MP: 5/5
   509 | D:1      | Reached skill level 4 in Hexes
  1276 | D:2      | Reached XP level 3. HP: 18/18 MP: 6/6
  2075 | D:3      | Found a faded altar of an unknown god.
  2219 | D:3      | Found a shimmering altar of Xom.
  2321 | D:3      | Slain by an iguana

Illustrated notes

Levels and vault maps discovered:
D:1:      kilobyte_arrival_exit_the_forest, layout_loops_corners
D:2:      minmay_inner_zag, layout_rooms
D:3:      layout_basic, nicolae_overflow_crystal_walls,
          gammafunk_temple_overflow_wave, hellmonk_ecumenical_altar_blasted

Skill      XL: |  1  2  3 |
---------------+----------+-----
Fighting       | 1 |  1.0
Hexes          | 4 |  4.1
Dodging        | 3 |  3.0
Ranged Weapons | 3 |  3.4
Spellcasting   | |  1.3

Action                     || total
---------------------------++-------
   Fire: Sling             ||   114
   Cast: Slow              ||     8
 Armour: Robe              ||     4
  Dodge: Dodged            ||    35

Table legend: (Time is in decaauts)
 A = Elapsed time spent in this place.
 B = Non-inter-level travel time spent in this place.
 C = Inter-level travel time spent in this place.
 D = Time resting spent in this place.
 E = Time spent auto-exploring this place.
 F = Levels seen in this place.
 G = Mean time per level.
                   A        B        C        D        E       F      G
               +--------+--------+--------+--------+--------+-----+--------+
         Total |   1533 |   1358 |    175 |      0 |   1106 |   3 |  511.0 |
       Dungeon |   1533 |   1358 |    175 |      0 |   1106 |   3 |  511.0 |
               +--------+--------+--------+--------+--------+-----+--------+

Top non-repeatable levels by time:
     D:1: 715 daAuts
     D:2: 557 daAuts
     D:3: 260 daAuts
